AoeStats
← Pwncakes

Arena

506023532Analyzed
2v2 RM · 21d ago on Sep 12, 2026· 20m 10s· 4 players
Game mode
Random Map
Map size
Medium (4 player)
Population
200
Speed
Normal
Resources
Standard
Victory
Conquest
Starting age
Dark Age
Ending age
Imperial Age
RankedLock teamsTeams togetherTeam positionsShared explorationLock speedFull tech treeHidden civsTurbo modeCheats
Victory
Defeat
🇺🇸 Tupi · United States
1281
+12
🇦🇷 Teutons · Argentina
1240
+14
🇺🇸 Bohemians · United States
1189
-13
🇺🇸 Burmese · United States
1189
-13
Pwncakes
8:21 Feudal Age
8:51 Double-Bit Axe
9:38 Loom
12:46 Gold Mining
13:17 Fletching
14:41 Padded Archer Armor
14:50 Horse Collar
21:20 Wheelbarrow
King Nothing
6:55 Loom
9:10 Feudal Age
9:40 Double-Bit Axe
9:47 Stone Mining
13:47 Fletching
17:56 Wheelbarrow
Ray Allen
9:37 Feudal Age
9:43 Loom
10:23 Double-Bit Axe
10:20 Horse Collar
21:31 Castle Age
Big Dog
10:17 Feudal Age
11:36 Loom
14:21 Castle Age
14:19 Horse Collar
17:11 Heavy Plow
Connection lost

Rejoining the realm…

Still unreachable

The connection could not be restored.

Session expired

The server has moved on; the page needs a fresh start.